 Dungeon Crawl Stone Soup version 0.13.1-27-ga479965 (console) character file.

4828 hastedhated the Gouger (level 10, -7/47 HPs)
             Began as a Felid Berserker on Jan 25, 2014.
             Was a High Priest of Trog.
             Mangled by a yak (18 damage)
             ... on Level 4 of the Lair of Beasts on Jan 26, 2014.
             The game lasted 01:00:10 (3311 turns).

hastedhated the Gouger (Felid Berserker)            Turns: 3311, Time: 01:00:10

HP  -7/47        AC  2     Str 13      XL: 10   Next: 17%
MP  16/16        EV 29     Int  9      God: Trog [*****.]
Gold 311         SH  0     Dex 19      Spells:  0 memorised,  9 levels left
Lives: 0, deaths: 2

Res.Fire  : . . .   See Invis. : +     - Unarmed
Res.Cold  : . . .   Warding    : .   (armour unavailable)
Life Prot.: . . .   Conserve   : .   (shield unavailable)
Res.Poison: .       Res.Corr.  : .   (helmet unavailable)
Res.Elec. : .       Clarity    : .   (cloak unavailable)
Sust.Abil.: . .     Spirit.Shd : .   (gloves unavailable)
Res.Mut.  : .       Stasis     : .   (boots unavailable)
Res.Rott. : .       Flight     : .   (no amulet)
Saprovore : . . .                    (no ring)
                                     (no ring)

@: regenerating, exhausted, slowed, slow, extremely resistant to hostile
enchantments, fairly stealthy
A: paw claws, no armour, no advanced items, fangs 3, see invisible, carnivore 3,
speed 1, slow metabolism 1, AC +2
a: Burn Spellbooks, Berserk, Trog's Hand, Brothers in Arms, Renounce Religion


You were on level 4 of the Lair of Beasts.
You worshipped Trog.
Trog was extremely pleased with you.
You were not hungry.

You visited 2 branches of the dungeon, and saw 14 of its levels.
You also visited: Bailey.

You collected 291 gold pieces.

Inventory:

Comestibles
 c - 3 cheeses
 u - a meat ration
Scrolls
 d - a scroll of enchant weapon I
 e - a scroll of recharging {unknown}
 g - a scroll of enchant weapon II
 h - a scroll of random uselessness {unknown}
 i - a scroll of fear
 j - 4 scrolls of fog
 m - a scroll of curse weapon {unknown}
 o - 2 scrolls of identify {unknown}
 p - a scroll of enchant weapon III {unknown}
 q - 2 scrolls of enchant armour {unknown}
 r - 3 scrolls of immolation {unknown}
 t - a scroll of remove curse
Jewellery
 f - an uncursed ring of teleportation
 k - an uncursed amulet of resist corrosion {unknown}
 v - an uncursed ring of magical power {unknown}
Potions
 a - 2 potions of curing
 b - a potion of invisibility
 l - 2 potions of mutation {unknown}
 n - a potion of agility {unknown}
 s - a potion of berserk rage {unknown}


   Skills:
 + Level 9.4 Fighting
 + Level 12.2 Dodging
 * Level 12.9 Unarmed Combat


You had 9 spell levels left.
You didn't know any spells.

Dungeon Overview and Level Annotations

Branches:
Dungeon (10/27)               Orc (0/4) D:9            Lair (4/8) D:9
 Temple: D:4-7        Swamp: Lair:3-6    Shoals: Lair:3-6     Snake: Lair:3-6
 Spider: Lair:3-6

Altars:
Ashenzari
Fedhas
Zin

Shops:
D:6 *   D:8 (


Innate Abilities, Weirdness & Mutations

You cannot wear armour.
You are incapable of any advanced item manipulation.
Your paws have sharp claws.
You have razor-sharp teeth.
You have supernaturally acute eyesight.
You are carnivorous and can eat meat at any time.
You cover ground quickly.
You are covered in thick fur (AC +2).
You have a slow metabolism.


Message History

The giant frog misses you. The iguana completely misses you. The yak gores you!
The giant frog completely misses you. The yak misses you.
You mangle the yak!!
You kill the yak!
Trog accepts your kill. The giant frog misses you. The iguana misses you.
The yak gores you!
* * * LOW HITPOINT WARNING * * *
The yak barely misses you. The giant frog misses you.
A quokka comes into view.
You see here a yak corpse.
You claw the yak!
The yak is severely wounded.
The giant frog completely misses you. The iguana closely misses you.
Drink which item? (? for menu, Esc to quit)
You feel better. The giant frog completely misses you.
The yak barely misses you. The yak gores you.
* * * LOW HITPOINT WARNING * * *
The giant frog barely misses you. The iguana misses you. The yak gores you!
You die...

... ......#
.......##
........P#
..........#
..........
..r......#
..........#
........@Y#
.......lYF#
..........#
..........#
.........#
.........#
..........#
....>...<%##
...........#


You could see 2 yaks, a giant frog, an iguana and a quokka.

Vanquished Creatures
  A deep elf knight (Bailey)
  Maurice (D:9)
  A black mamba (Lair:1)
  A spiny frog (Lair:1)
  Grinder (D:3)
  A troll (D:9)
  2 sharks (D:9)
  3 deep elf magi (Bailey)
  A wyvern (Lair:1)
  5 deep elf fighters (Bailey)
  5 wolves
  24 yaks
  3 orc warriors
  2 porcupines (Lair:2)
  A giant goldfish (D:9)
  A boring beetle (Lair:2)
  A centaur (D:9)
  4 ogres
  A crocodile (Lair:3)
  4 wargs (D:9)
  2 water moccasins
  Sigmund (D:3)
  A giant slug (Lair:3)
  5 giant frogs
  3 jellyfish (D:9)
  An electric eel (D:9)
  4 hounds
  An orc priest (D:9)
  4 orange rats (D:7)
  5 iguanas
  5 orc wizards
  A scorpion (D:9)
  A worker ant (D:9)
  Ijyb (D:4)
  A crocodile zombie (D:10)
  A giant centipede (Lair:2)
  25 green rats
  3 adders
  4 grey rats (D:7)
  2 giant geckos
  12 orcs
  2 giant cockroaches
  4 hobgoblins
  8 bats
  4 giant newts
  2 goblins
  9 jackals
  4 kobolds
  2 quokkas
  A quokka skeleton (D:4)
  25 rats
  A ballistomycete (D:6)
208 creatures vanquished.

Vanquished Creatures (collateral kills)
  A deep elf priest (Bailey)
1 creature vanquished.

Vanquished Creatures (others)
  An ogre (Bailey)
1 creature vanquished.

Grand Total: 210 creatures vanquished

Notes
Turn   | Place    | Note
--------------------------------------------------------------
     0 | D:1      | hastedhated, the Felid Berserker, began the quest for the Orb.
     0 | D:1      | Reached XP level 1. HP: 10/10 MP: 1/1
   238 | D:2      | Reached XP level 2. HP: 12/14 MP: 2/2
   415 | D:3      | Acquired Trog's second power
   449 | D:3      | Reached XP level 3. HP: 9/18 MP: 4/4
   484 | D:3      | Noticed Sigmund
   500 | D:3      | Killed Sigmund
   500 | D:3      | Reached XP level 4. HP: 21/21 MP: 6/6
   521 | D:3      | Reached skill level 5 in Dodging
   562 | D:3      | Noticed Grinder
   586 | D:3      | Killed Grinder
   586 | D:3      | Reached skill level 5 in Unarmed Combat
   586 | D:3      | Reached XP level 5. HP: 15/25 MP: 7/7
   586 | D:3      | Gained mutation: You are covered in thick fur (AC +2). [growing up]
   586 | D:3      | Reached XP level 6. HP: 17/29 MP: 9/9
   629 | D:4      | Noticed Ijyb
   644 | D:4      | Killed Ijyb
   712 | D:5      | Entered Level 5 of the Dungeon
   722 | D:5      | Found a shattered altar of Ashenzari.
   741 | D:6      | Reached skill level 6 in Dodging
   789 | D:6      | Found Xounyuc's Serpentskin Sales.
   812 | D:6      | Reached XP level 7. HP: 33/33 MP: 11/11
   888 | D:6      | Reached skill level 5 in Fighting
  1017 | D:7      | Reached skill level 7 in Dodging
  1109 | D:7      | Acquired Trog's third power
  1180 | D:7      | Reached XP level 8. HP: 37/37 MP: 12/12
  1536 | D:8      | Found Ecufuc's Weapon Boutique.
  1550 | D:9      | Found a staircase to the Orcish Mines.
  1550 | D:9      | Found a blossoming altar of Fedhas.
  1593 | D:9      | Reached skill level 8 in Dodging
  1655 | D:10     | Entered Level 10 of the Dungeon
  1695 | D:9      | HP: 1/33 [warg (2)]
  1857 | D:9      | Reached skill level 9 in Dodging
  1857 | D:9      | Reached XP level 9. HP: 37/37 MP: 14/14
  2102 | D:9      | Reached skill level 10 in Unarmed Combat
  2135 | D:9      | Found a flagged portal.
  2166 | Bailey   | Entered a bailey
  2183 | Bailey   | Reached skill level 10 in Dodging
  2226 | Bailey   | Reached XP level 10. HP: 35/42 MP: 16/16
  2316 | Bailey   | Noticed a deep elf knight
  2326 | Bailey   | Killed a deep elf knight
  2326 | Bailey   | Reached skill level 11 in Unarmed Combat
  2513 | D:9      | Slain by a yak
  2514 | D:9      | Reached XP level 9. HP: 0/38 MP: 14/14
  2528 | D:9      | Noticed a troll
  2534 | D:9      | Noticed Maurice
  2556 | D:9      | Killed a troll
  2569 | D:9      | Killed Maurice
  2693 | D:9      | Found a staircase to the Lair.
  2707 | D:9      | Reached XP level 10. HP: 46/46 MP: 16/16
  2738 | D:9      | Reached skill level 12 in Unarmed Combat
  2764 | Lair:1   | Entered Level 1 of the Lair of Beasts
  2764 | Lair:1   | Noticed a black mamba
  2773 | Lair:1   | Killed a black mamba
  3010 | Lair:2   | Found a glowing silver altar of Zin.
  3093 | Lair:3   | HP: 3/70 [poisoned by a water moccasin]
  3095 | Lair:3   | HP: 1/70 [poisoned by a water moccasin]
  3096 | Lair:3   | Succumbed to a water moccasin's poison
  3097 | Lair:3   | Reached XP level 9. HP: -2/64 MP: 14/14
  3279 | Lair:4   | Reached XP level 10. HP: 47/47 MP: 16/16
  3311 | Lair:4   | Mangled by a yak

Action                   |  1- 3 |  4- 6 |  7- 9 | 10-12 || total
-------------------------+-------+-------+-------+-------++-------
Melee: Unarmed           |    51 |    43 |   393 |   210 ||   697
Invok: Berserk           |     1 |     3 |    12 |     7 ||    23
       Trog's Hand       |     1 |     2 |     9 |    11 ||    23
       Brothers in Arms  |       |       |     1 |       ||     1
  Use: Potion            |       |       |     3 |     2 ||     5
       Scroll            |       |       |     3 |     4 ||     7
 Stab: Sleeping          |     2 |       |     2 |     2 ||     6
       Invisible         |       |       |       |     4 ||     4
